 Dungeon Crawl Stone Soup version 0.30-b1-2-g02819fbbbe (webtiles) character file.

Game seed: 9734457634568418017

204 Flugkiller the Sneak (level 6, -2/34 (37) HPs)
             Began as a Kobold Transmuter on May 18, 2023.
             Slain by a hell rat (5 damage)
             ... in a sewer.
             The game lasted 00:04:57 (3145 turns).

Flugkiller the Sneak (Kobold Transmuter)            Turns: 3145, Time: 00:04:57

HP:   -2/34 (37)    AC:  3    Str:  7      XL:     6   Next: 9%
MP:   9/9           EV: 15    Int: 15      God:
Gold: 99            SH:  0    Dex: 16 (17) Spells: 6/9 levels left

rFire   . . .        e - +0 dagger
rCold   . . .        (no shield)
rNeg    . . .        a - +0 robe
rPois   .            (no helmet)
rElec   .            (no cloak)
rCorr   .            (no gloves)
SInv    .            h - +0 pair of boots
Will    .....        (no amulet)
Stlth   ++++         (no ring)
HPRegen 0.25/turn    (no ring)
MPRegen 0.11/turn

%: no passive effects
@: drained
A: small, no large weapons, nightstalker 3
a: no special abilities


You were in a sewer.
You visited 1 branch of the dungeon, and saw 4 of its levels.
You also visited: Sewer.

You collected 194 gold pieces.
You spent 95 gold pieces at shops.

Inventory:

Hand Weapons
 e - a +0 dagger (weapon)
   (You took it off a goblin on level 1 of the Dungeon)
 f - a +0 scimitar
   (You took it off Blork the orc on level 4 of the Dungeon)
Missiles
 c - 4 poisoned darts
Armour
 a - a +0 robe (worn)
 h - a +0 pair of boots (worn)
   (You found it on level 2 of the Dungeon)
Wands
 i - a wand of digging (4)
   (You found it on level 2 of the Dungeon)
 o - a wand of roots (7)
   (You found it on level 4 of the Dungeon)
Scrolls
 g - a scroll of poison
 k - a scroll of enchant weapon {unknown}
 l - a scroll of torment {unknown}
 m - a scroll of enchant armour {unknown}
 n - a scroll of fog {unknown}
 p - a scroll of immolation {unknown}
 r - a scroll of silence {unknown}
 t - 3 scrolls of teleportation
 z - a scroll of blinking
Potions
 b - 3 potions of lignification
 d - a potion of flight {unknown}
 j - 2 potions of mutation {unknown}
 q - a potion of curing


   Skills:
 - Level 3.0 Fighting
 - Level 4.0 Short Blades
 - Level 2.4 Dodging
 + Level 4.9 Stealth
 - Level 3.0 Unarmed Combat
 - Level 2.1 Spellcasting
 - Level 2.0 Transmutations


You had 6 spell levels left.
You knew the following spells:

 Your Spells              Type           Power      Damage    Failure   Level
a - Beastly Appendage     Tmut           14%        N/A       10%         1
b - Wereblood             Tmut           7%         N/A       14%         2

Your spell library contained the following spells:

 Spells                   Type           Power      Damage    Failure   Level
 Spider Form              Tmut/Pois      4%         N/A       41%         3
 Tukima's Dance           Hex            1%         N/A       54%         3
 Ice Form                 Ice/Tmut       4%         N/A       82%         4
 Passage of Golubria      Tloc           1%         N/A       91%         4
 Yara's Violent Unravell  Hex/Tmut       2%         3d3       99%         5


Dungeon Overview and Level Annotations

Branches:
Dungeon (4/15) Zot: 20872   Sewer (1/1) Zot: 5958
 Temple: D:4-7

Altars:
Qazlal

Shops:
D:4 *:


Innate Abilities, Weirdness & Mutations

You are small and have problems with some larger weapons.
You are completely attuned to the shadows.


Message History

The worm is severely wounded.
You barely miss the worm.
The worm is severely wounded.
You barely miss the worm. You punch the worm.
You kill the worm!
No target in view!
No target in view!
You enter the shallow water.
Moving in this stuff is going to be slow.
Your primal bloodlust is almost over.
You see here a worm corpse.
You howl as the wereblood boils in your veins!
Your horns disappear.
Your talons disappear.
Your +0 pair of boots unmelds from your body.
Found a glowing drain.
You howl as the wereblood boils in your veins!
You enter the shallow water.
Moving in this stuff is going to be slow.
Your primal bloodlust has ended.
There is a glowing drain here.
The world spins around you as you enter the gateway.
You enter a sewer!
Found a gate leading back out of this place.
There is an empty arch of ancient stone here.
You enter the shallow water.
Moving in this stuff is going to be slow.
Magic restored.
A rat comes into view.
A rat is nearby!
Casting: Wereblood (safe; 14% risk of failure)
Confirm with . or Enter, or press ? or * to list all spells.
You grow a pair of large bovine horns.
Your feet morph into talons.
Your +0 pair of boots melds into your body.
A rat comes into view.
Casting: Beastly Appendage (safe; 10% risk of failure)
Confirm with . or Enter, or press ? or * to list all spells.
Your blood is infused with primal strength.
The rat closely misses you.
You hit the rat.
You kill the rat!
Your transformation is almost over.
A rat comes into view.
The rat bites you but does no damage.
You hit the rat.
You kill the rat!
You enter the shallow water.
Moving in this stuff is going to be slow.
Your unstable footing causes you to fumble your attack.
The helpless rat fails to defend itself.
You impale the rat!!
You kill the rat!
Your horns disappear.
Your talons disappear.
Your +0 pair of boots unmelds from your body.
You open the door.
A hell rat comes into view.
Found five items.
There is an open door here.
You enter the shallow water.
Moving in this stuff is going to be slow.
Found a potion of curing and a scroll labelled FEQETA KAADGH.
Found a gate leading back out of this place.
The hell rat roars deafeningly!
The hell rat attacks as you move away!
The hell rat bites you but does no damage.
There is an open door here.
You hit the hell rat but do no damage.
Your primal bloodlust is almost over.
The hell rat closely misses you.
You hit the hell rat.
You punch the hell rat, but do no damage.
The hell rat is lightly wounded.
The hell rat misses you.
You hit the hell rat.
The hell rat is moderately wounded.
The hell rat bites you.
You feel drained.
You hit the hell rat but do no damage.
The hell rat is moderately wounded.
The hell rat closely misses you.
You hit the hell rat but do no damage. Your punch misses the hell rat.
The hell rat is moderately wounded.
The hell rat bites you.
You feel drained.
You hit the hell rat but do no damage.
The hell rat is moderately wounded.
The hell rat misses you.
You barely miss the hell rat.
The hell rat is moderately wounded.
The hell rat bites you!
You hit the hell rat but do no damage.
You punch the hell rat, but do no damage.
The hell rat is moderately wounded.
The hell rat bites you!
* * * LOW HITPOINT WARNING * * *
Aiming: Fastroot
Press: ? - help, Shift-Dir - straight line The roots erupt in riotous growth!
Roots grab the hell rat.
Your primal bloodlust has ended.
The grasping roots constrict the hell rat.
The hell rat bites you.
You die...

###~~.∩~~~#
###~...~∩....
#~~~.~#####~.
##~~~###!∩?###
#~~~##.!!?!!.#
#~~~#~~.~~~..~
#.~~##.~~~~~~
##~.†###~r~# #
#~~.~~##@##.~
###~....~~~.~
###.~~~†~~#
#########


You could see a hell rat (rooted).

Vanquished Creatures
  Blork the orc (D:4)
  4 adders
  4 worms
  2 dart slugs
  5 orcs (D:3)
  8 ball pythons
  4 bats
  3 endoplasms
  4 giant cockroaches
  9 goblins
  7 hobgoblins
  4 jackals (D:1)
  6 kobolds
  2 quokkas
  4 frilled lizards
  5 rats
72 creatures vanquished.

Notes
Turn   | Place    | Note
-------+----------+-------------------------------------------
     0 | D:1      | Flugkiller the Kobold Transmuter began the quest for the
                  | Orb.
     0 | D:1      | Reached XP level 1. HP: 12/12 MP: 3/3
    86 | D:1      | Reached skill level 1 in Stealth
    86 | D:1      | Reached XP level 2. HP: 7/17 MP: 3/5
   250 | D:1      | Reached XP level 3. HP: 15/22 MP: 6/6
   324 | D:1      | Learned a level 2 spell: Wereblood
   739 | D:2      | Found a stormy altar of Qazlal.
   817 | D:2      | Reached skill level 1 in Short Blades
  1136 | D:2      | Reached XP level 4. HP: 28/28 MP: 5/7
  2101 | D:2      | Reached XP level 5. HP: 32/32 MP: 8/8
  2804 | D:4      | Noticed a lemure
  2808 | D:4      | Noticed a lemure
  2875 | D:4      | Noticed Blork the orc
  2907 | D:4      | Killed Blork the orc
  2989 | D:4      | Found Punuin's Book Boutique.
  3008 | D:4      | Found Tiomn's Assorted Antiques.
  3045 | D:4      | Bought a scroll labelled FOMUAPH NEOFF for 33 gold pieces
  3045 | D:4      | Bought a scroll labelled QOAJYM SAPTI for 33 gold pieces
  3045 | D:4      | Bought a fuming pink potion for 29 gold pieces
  3087 | D:4      | Reached XP level 6. HP: 35/37 MP: 6/9
  3101 | D:4      | Found a glowing drain.
  3107 | Sewer    | Entered a sewer
  3145 | Sewer    | Slain by a hell rat

Illustrated notes

Levels and vault maps discovered:
D:1:      zaba_arrival_water, layout_rooms, minmay_misc_feat_iff,
          minmay_liquid_box
D:2:      layout_basic, basic_altar
D:3:      wander_river, layout_rooms
D:4:      layout_rooms, serial_rivers, chequers_serial_rivers_large_a,
          chequers_serial_rivers_small_3, chequers_serial_rivers_marsh,
          chequers_serial_rivers_marsh, chequers_serial_rivers_room_a,
          chequers_serial_rivers_micro_e, portal_sewer_entry_b,
          nicolae_wooded_promenade, uniq_pikel, uniq_blork_the_orc
Sewer:    sewer_hellmonk_bad_rat

Skill      XL: |  1  2  3  4  5 |
---------------+----------------+-----
Fighting       | 2 3 |  3.0
Stealth        | 1 2 3 4 |  4.9
Short Blades   | 1 2 4 |  4.0
Dodging        | |  2.4
Unarmed Combat | |  3.0
Spellcasting   | |  2.1
Transmutations | |  2.0

Action                     |  1- 3 |  4- 6 || total
---------------------------+-------+-------++-------
  Melee: Unarmed           |    56 |     9 ||    65
         Kick              |    13 |    17 ||    30
         Headbutt          |     5 |     9 ||    14
         Dagger            |    56 |   142 ||   198
         Punch             |     1 |     4 ||     5
   Cast: Beastly Appendage |    11 |    13 ||    24
         Wereblood         |       |     2 ||     2
  Evoke: Wand              |       |     1 ||     1
    Use: Scroll            |     1 |     3 ||     4
         Potion            |       |     2 ||     2
   Stab: Sleeping          |    10 |     9 ||    19
 Armour: Robe              |    13 |    22 ||    35
         Skin              |       |     3 ||     3
  Dodge: Dodged            |    66 |    98 ||   164
